 Dungeon Crawl Stone Soup version 0.29-a0-330-g52719c12eb (webtiles) character file.

Game seed: 14389221414917246594

4 kae the Firebug (level 1, -1/11 HPs)
             Began as an Octopode Fire Elementalist on Apr 18, 2022.
             Slain by a jackal (2 damage)
             ... on level 1 of the Dungeon.
             The game lasted 00:00:04 (241 turns).

kae the Firebug (Octopode Fire Elementalist)         Turns: 241, Time: 00:00:05

Health: -1/11      AC:  1    Str:  7    XL:     1   Next: 70%
Magic:  3/3        EV: 13    Int: 17    God:
Gold:   0          SH:  0    Dex: 12    Spells: 3/4 levels left

rFire   . . .      SeeInvis .   (no weapon)
rCold   . . .      Faith    .   (no shield)
rNeg    . . .      Spirit   .   (helmet restricted)
rPois   .          Reflect  .   (no amulet)
rElec   .          Harm     .   (no ring)
rCorr   .          Rampage  .   (no ring)
Will    .....                   (no ring)
Stlth   +++.......              (no ring)
HPRegen 0.03/turn               (no ring)
MPRegen 0.08/turn               (no ring)
                                (no ring)
                                (no ring)

@: no status effects
A: almost no armour, amphibious, 8 rings, camouflage 1, gelatinous body 1,
(nimble swimmer 1), tentacles
a: no special abilities


You were on level 1 of the Dungeon.
You visited 1 branch of the dungeon, and saw 1 of its levels.

Inventory:

Scrolls
 b - a scroll of vulnerability {unknown}
 c - a scroll of amnesia {unknown}
 e - a scroll of identify {unknown}
Potions
 a - a potion of magic
 d - a potion of degeneration {unknown}


   Skills:
 + Level 0.1 Fighting
 + Level 2.0 Dodging
 + Level 2.8 Stealth
 + Level 2.0 Spellcasting
 + Level 1.1 Conjurations
 * Level 3.1 Fire Magic


You had 3 spell levels left.
You knew the following spells:

 Your Spells              Type           Power      Damage    Failure   Level
a - Foxfire               Conj/Fire      32%        2x1d5     9%          1

Your spell library contained the following spells:

 Spells                   Type           Power      Damage    Failure   Level
 Scorch                   Fire           24%        2d6       9%          2
 Conjure Flame            Conj/Fire      8%         6-21      24%         3
 Inner Flame              Hex/Fire       7%         N/A       30%         3
 Flame Wave               Conj/Fire      8%         2d5       63%         4


Dungeon Overview and Level Annotations

Branches:
Dungeon (1/15)

Altars:


Innate Abilities, Weirdness & Mutations

You cannot wear most types of armour.
You are amphibious.
You can wear up to eight rings at the same time.
Your skin changes colour to match your surroundings (Stealth+).
Your rubbery body absorbs attacks. (AC +1, EV +1)
((You are camouflaged when in or above water. (Stealth+)))
You have tentacles for arms and can constrict up to eight enemies at once.


Message History

The jackal attacks as you move away! The jackal barely misses you.
You are too injured to fight recklessly!
You are too injured to fight recklessly!
You barely miss the jackal. Your grab misses the jackal. The jackal misses you.
You barely miss the jackal. Your grab misses the jackal.
You squeeze the jackal.
You kill the jackal!
The jackal barely misses you.
You tentacle-slap the jackal. You grab the jackal.
The jackal is lightly wounded.
You constrict the jackal, but do no damage.
The jackal bites you.
You are too injured to fight recklessly!
Unknown command.
You barely miss the jackal.
The jackal is lightly wounded.
You constrict the jackal, but do no damage.
The jackal closely misses you. The jackal misses you.
You tentacle-slap the jackal.
The jackal is moderately wounded.
You constrict the jackal.
The jackal bites you but does no damage.
You tentacle-slap the jackal but do no damage.
The jackal is heavily wounded.
You constrict the jackal. The jackal bites you.
* * * LOW HITPOINT WARNING * * *
You tentacle-slap the jackal.
You kill the jackal!
The bat hits you.
* * * LOW HITPOINT WARNING * * *
The bat barely misses you.
You closely miss the bat. Your grab misses the bat. The bat closely misses you.
The bat misses you.
The jackal bites you but does no damage.
The jackal bites you.
* * * LOW HITPOINT WARNING * * *
There is an open door here.
You see here a jackal corpse.
You barely miss the jackal. Your grab misses the jackal. The jackal bites you.
You die...

........# .........#
.........# #######
.........# ......#
....(....# ......#
.........### ......#
.........'.# .....(#
#........#.#####b.....#
#........#.....@h.....#
########.#######......#
#######.#.#.## ......#
#.............########
##.#####.#####.#
#......#...
#......##### #...#..#
###.#..#


You could see a jackal and a bat.

Vanquished Creatures
  A hobgoblin (D:1)
  2 jackals (D:1)
  A bat (D:1)
4 creatures vanquished.

Vanquished Creatures (others)
  9 foxfires (D:1)
9 creatures vanquished.

Grand Total: 13 creatures vanquished

Notes
Turn   | Place    | Note
-------+----------+-------------------------------------------
     0 | D:1      | kae the Octopode Fire Elementalist began the quest for the
                  | Orb.
     0 | D:1      | Reached XP level 1. HP: 11/11 MP: 3/3
   241 | D:1      | Slain by a jackal

Illustrated notes

Levels and vault maps discovered:
D:1:      amcnicky_arrival_double_pillar, layout_basic

Action                   || total
-------------------------++-------
Melee: Unarmed           ||    11
       Tentacles         ||     2
       Constrict         ||     1
 Cast: Foxfire           ||     5
 Stab: Sleeping          ||     1
Armor: Skin              ||     2
Dodge: Dodged            ||    12

Table legend: (Time is in decaauts)
 A = Elapsed time spent in this place.
 B = Non-inter-level travel time spent in this place.
 C = Inter-level travel time spent in this place.
 D = Time resting spent in this place.
 E = Time spent auto-exploring this place.
 F = Levels seen in this place.
 G = Mean time per level.
                   A        B        C        D        E       F      G
               +--------+--------+--------+--------+--------+-----+--------+
         Total |    241 |    241 |      0 |      0 |    208 |   1 |  241.0 |
       Dungeon |    241 |    241 |      0 |      0 |    208 |   1 |  241.0 |
               +--------+--------+--------+--------+--------+-----+--------+

Top non-repeatable levels by time:
     D:1: 241 daAuts
